 Dungeon Crawl Stone Soup version 0.19-a0-713-g934ebc7 (webtiles) character file.

183821 Implojin the Warrior (level 17, -24/187 HPs)
             Began as a Troll Fighter on June 18, 2016.
             Was a High Priest of Okawaru.
             Killed from afar by a crystal guardian (43 damage)
             ... with a crystal bolt
             ... on level 5 of the Vaults on June 20, 2016.
             The game lasted 01:42:07 (10350 turns).

Implojin the Warrior (Troll Fighter)               Turns: 10350, Time: 01:42:08

Health: -24/187    AC: 14    Str: 28    XL:     17   Next: 9%
Magic:  20/22      EV: 21    Int:  4    God:    Okawaru [*****.]
Gold:   531        SH: 13    Dex: 14    Spells: 0 memorised, 16 levels left

rFire  . . .     SeeInvis +       - Unarmed
rCold  . . .     Gourm    +     y - +1 troll leather armour
rNeg   . . .     Faith    .     b - +0 shield
rPois  +         Spirit   .     f - +2 hat
rElec  .         Dismiss  .     P - +2 cloak of Prudence {MR+}
rCorr  .         Reflect  .     (gloves unavailable)
SustAt .         Harm     .     (boots unavailable)
MR     ++...                    (no amulet)
Stlth  ++........               n - ring of see invisible
                                A - ring of poison resistance

@: heroism, finesse, very resistant to hostile enchantments, unstealthy
A: unfitting armour, claws 3, fast metabolism 3, gourmand, regeneration 2,
shaggy fur 1, tough skin 2
a: Heroism, Finesse, Renounce Religion
}: 2/15 runes: decaying, gossamer


You were on level 5 of the Vaults.
You worshipped Okawaru.
Okawaru was extremely pleased with you.
You were very full.

You visited 5 branches of the dungeon, and saw 34 of its levels.
You also visited: Bailey, Ice Cave and Volcano.

You collected 531 gold pieces.

Inventory:

Missiles
 g - 26 large rocks (quivered)
 j - 56 tomahawks of returning
 Q - 5 poisoned javelins
 U - a throwing net
Armour
 b - a +0 shield (worn)
 f - a +2 hat (worn)
 q - the +1 robe of Impermeability {Dex+3}
   (You found it on level 9 of the Dungeon)

   It affects your dexterity (+3).
 y - a +1 troll leather armour (worn)
 G - a +2 robe of magic resistance
 I - a +2 robe of positive energy
 P - the +2 cloak of Prudence (worn) {MR+}
   (Okawaru gifted it to you on level 6 of the Lair of Beasts)

   It affects your resistance to hostile enchantments.
 S - a +2 robe of fire resistance
Rods
 c - a +2 lightning rod (14/14)
   (You found it on level 4 of the Spider Nest)
Jewellery
 h - an uncursed ring of flight
 n - a ring of see invisible (right claw)
 A - a ring of poison resistance (left claw)
 C - an uncursed ring of fire
 M - an uncursed amulet of dismissal
 R - a +2 ring of evasion
 T - an uncursed ring of fire
Wands
 o - a wand of iceblast (2/15)
 u - a wand of teleportation (7/9)
 H - a wand of teleportation (4/9)
 J - a wand of iceblast (3/15)
Scrolls
 e - 2 scrolls of silence
 k - 4 scrolls of remove curse
 l - a scroll of blinking
 m - a scroll of amnesia
 s - a scroll of enchant armour
 B - a scroll of noise
 L - a scroll of recharging
 O - 3 scrolls of immolation
Potions
 a - 6 potions of curing
 i - a potion of invisibility {unknown}
 r - 7 potions of ambrosia
 x - 4 potions of cure mutation
 z - 4 potions of magic
 E - a potion of brilliance
 F - 2 potions of flight
Books
 p - a book of the Tempests

   Spells                             Type                      Level
   a - Static Discharge               Conjuration/Air              3
   b - Lightning Bolt                 Conjuration/Air              5
   c - Fireball                       Conjuration/Fire             5
   d - Tornado                        Air                          9
   e - Shatter                        Earth                        9
 w - a book of Unlife

   Spells                             Type                      Level
   a - Recall                         Summoning/Translocation      3
   b - Animate Dead                   Necromancy                   4
   c - Control Undead                 Necromancy                   4
   d - Cigotuvi's Embrace             Necromancy                   5
   e - Death Channel                  Necromancy                   6
   f - Simulacrum                     Ice/Necromancy               6
 D - a book of the Earth

   Spells                             Type                      Level
   a - Leda's Liquefaction            Hexes/Earth                  4
   b - Bolt of Magma                  Conjuration/Fire/Earth       5
   c - Statue Form                    Transmutation/Earth          6
   d - Iron Shot                      Conjuration/Earth            6
   e - Shatter                        Earth                        9
 N - Sif Muna's Disquisition on Sinister Fire
   (You found it on level 2 of the Spider Nest)

   Spells                             Type                      Level
   a - Pain                           Necromancy                   1
   b - Corpse Rot                     Necromancy                   2
   c - Vampiric Draining              Necromancy                   3
   d - Sticky Flame                   Conjuration/Fire             4
   e - Fireball                       Conjuration/Fire             5
   f - Dispel Undead                  Necromancy                   5
Miscellaneous
 v - 2 phantom mirrors
Comestibles
 d - 9 bread rations
 t - 3 slices of pizza
 K - 4 chunks of flesh


   Skills:
 * Level 15.8(20.8) Fighting
 - Level 3.1(8.1) Throwing
 - Level 13.0(18.0) Dodging
 - Level 8.0(13.0) Shields
 - Level 15.0(20.0) Unarmed Combat
 - Level 8.0 Invocations


You had 16 spell levels left.
You didn't know any spells.

Dungeon Overview and Level Annotations

Branches:
Dungeon (15/15)            Temple (0/1) D:4            Lair (6/6) D:8
  Swamp (4/4) Lair:2       Spider (4/4) Lair:2       Vaults (5/5) D:14
 Depths (0/5) D:15
  Slime: Lair:5-6       Orc: D:9-12       Crypt: Vaults:2-3

Altars:
Dithmenos
Hepliaklqana
Kikubaaqudgha
Okawaru
Ru
Uskayaw
Vehumet
Zin
The Shining One

Annotations:
D:7 exclusion: upstairs
D:8 exclusion: upstairs
D:9 exclusion: upstairs
D:10 exclusion: upstairs
D:12 exclusion: 2 upstairs
Lair:2 exclusion: 2 upstairs


Innate Abilities, Weirdness & Mutations

You are too large for most types of armour.
You have claws for hands.
Your metabolism is lightning-fast.
You like to eat raw meat.
You heal very quickly.
You are covered in fur. (AC +1)
You have very tough skin. (AC +2)


Message History

Unknown command.
You barely miss the vault guard.
You block the ironheart preserver's attack.
The vault guard closely misses you.
The vault guard hits you from afar with a bardiche!!
* * * LOW HITPOINT WARNING * * *
The vault guard hits you with a battleaxe!!
* * * LOW HITPOINT WARNING * * *
The vault guard hits you but does no damage.
You claw the vault warden!
The vault warden is lightly wounded.
You block the vault guard's attack. The vault guard barely misses you.
You block the vault guard's attack.
The vault guard hits you from afar with a bardiche.
* * * LOW HITPOINT WARNING * * *
You barely miss the vault warden.
The vault warden is lightly wounded.
The vault guard hits you but does no damage.
The vault guard hits you with a great sword!!
* * * LOW HITPOINT WARNING * * *
A tengu reaver comes into view. It is wielding a great sword.
You barely miss the vault warden.
The vault warden is lightly wounded.
Your surroundings suddenly seem different.
A crystal guardian comes into view.
The crystal guardian glitters, brittle, in the dim dungeon light.
The crystal guardian fires a crystalline bolt at you.
The crystal bolt freezes you!
* * * LOW HITPOINT WARNING * * *
The crystal bolt misses you.
Found a scale mail.
A vault sentinel comes into view. It is wielding a long sword.
Unknown command.
Okay, then.
Okay, then.
Okay, then.
Okay, then.
The crystal guardian fires a crystalline bolt at you.
The crystal bolt burns you!
You die...

### #...#
.....#
......# #
.......#p##
.......8#. #
.........#.#
........@.#.#
[..........#
############


You could see a crystal guardian.

Vanquished Creatures
  A bone dragon (Swamp:4)
  The ghost of SmilinJack the Bludgeoner, an adept DsBe of Trog (Vaults:1)
  A sphinx (Vaults:3)
  Frances (D:13)
  3 thorn hunters
  2 fire giants (Vaults:3)
  A deep elf sorcerer (Vaults:1)
  7 emperor scorpions (Spider:4)
  2 ghost moths
  3 ironheart preservers
  A very ugly thing (Swamp:4)
  3 stone giants (Vaults:3)
  A spark wasp (Spider:4)
  An ettin (Vaults:4)
  A fire dragon (Vaults:4)
  Josephine (D:13)
  Harold (D:12)
  A yaktaur captain (Vaults:1)
  2 vault guards
  2 catoblepae
  A death knight (D:13)
  8 hydras
  A centaur warrior (D:13)
  3 ogre magi
  A ghost crab (Swamp:4)
  3 alligators
  A deep troll shaman (Lair:6)
  3 tengu warriors (D:14)
  9 death yaks
  A titan zombie (D:15)
  2 skeletal warriors
  3 deep elf knights
  4 deep trolls (Vaults:1)
  2 unseen horrors
  A death drake (Swamp:4)
  3 hill giants
  A giant orange brain (Vaults:1)
  3 phantasmal warriors
  2 deep elf archers (Vaults:1)
  3 spectral hydras (Swamp:4)
  A spark wasp zombie (D:15)
  3 ironbrand convokers
  A lindwurm (Lair:6)
  9 deep elf magi
  4 orc knights
  11 orb spiders
  2 shambling mangroves
  A necromancer (D:15)
  2 hornets
  3 griffons
  A frost giant zombie (D:15)
  15 wolf spiders
  12 ugly things
  A cyclops (shapeshifter) (Vaults:1)
  2 manticores (D:13)
  3 cyclopes
  7 elephants (Lair:6)
  A moth of wrath (Spider:4)
  A centaur zombie (D:14)
  A vault sentinel (Vaults:1)
  5 black mambas
  12 spiny frogs
  A centaur skeleton (D:12)
  3 gargoyles (D:13)
  2 molten gargoyles (D:13)
  An efreet (D:14)
  3 swamp worm zombies (Swamp:4)
  4 yaktaurs (Vaults:1)
  A kobold demonologist (D:13)
  2 ice devils (Lair:3)
  6 demonic crawlers
  6 komodo dragons
  A guardian mummy (D:15)
  5 hydra zombies (Swamp:4)
  A troll (D:15)
  15 jumping spiders
  4 polar bears
  10 two-headed ogres
  A polar bear (shapeshifter) (Vaults:3)
  A giant leech (Swamp:3)
  3 blink frogs (Lair:6)
  Grinder (D:4)
  3 spectral swamp dragons (Swamp:4)
  An ice dragon zombie (D:15)
  3 alligator zombies (Swamp:4)
  4 boulder beetles
  5 slime creatures
  4 bog bodies (Swamp:4)
  A vampire (D:14)
  7 wraiths
  19 tarantellas
  31 redbacks
  3 water elementals (D:15)
  3 shadows
  A wyvern (D:14)
  16 yaks
  2 hungry ghosts
  19 vampire mosquitoes
  9 hippogriffs
  3 wargs (Vaults:3)
  5 swamp worms
  6 insubstantial wisps (Swamp:4)
  9 water moccasins
  3 porcupines
  2 swamp drakes (Swamp:4)
  6 wasps
  An ice beast (D:14)
  8 orc warriors
  5 sky beasts
  A black bear (D:13)
  2 swamp dragon zombies (Swamp:4)
  10 ogres
  9 phantoms (Swamp:4)
  5 wolves
  3 centaurs
  A big kobold (D:13)
  3 crocodiles
  11 giant frogs
  A wyvern skeleton (D:13)
  2 scorpions
  18 killer bees
  7 wights
  4 electric eels
  5 howler monkeys
  2 crimson imps
  A wasp zombie (D:8)
  4 lava snakes (D:13)
  4 hounds
  7 orc priests
  8 orc wizards
  An iguana (Lair:2)
  2 spectral swamp drakes (Swamp:4)
  4 worker ants
  A killer bee zombie (D:7)
  6 sheep (Lair:6)
  4 adders
  13 gnolls (Bailey)
  16 river rats
  A shadow imp (D:13)
  2 oozes
  A dart slug (D:1)
  A giant gecko (D:9)
  22 orcs
  A ball python (D:2)
  6 bats
  A giant cockroach (D:2)
  12 hobgoblins
  19 kobolds
  5 giant newts
  2 goblins (D:1)
  3 rats
  4 briar patches (Swamp:2)
  A fungus (D:8)
675 creatures vanquished.

Vanquished Creatures (others)
  A boulder beetle (Spider:4)
  A redback (Spider:4)
  An ogre (Vaults:1)
  A briar patch (Swamp:2)
  6 fungi
  A withered plant (D:15)
11 creatures vanquished.

Grand Total: 686 creatures vanquished

Notes
Turn   | Place    | Note
--------------------------------------------------------------
     0 | D:1      | Implojin the Troll Fighter began the quest for the Orb.
     0 | D:1      | Reached XP level 1. HP: 22/22 MP: 0/0
   146 | D:1      | Found an iron altar of Okawaru.
   150 | D:1      | Became a worshipper of Warmaster Okawaru
   170 | D:1      | Reached XP level 2. HP: 29/29 MP: 1/1
   173 | D:1      | Reached skill level 3 in Unarmed Combat
   276 | D:2      | Found an ancient bone altar of Kikubaaqudgha.
   287 | D:2      | Reached XP level 3. HP: 36/36 MP: 2/2
   354 | D:2      | Found a hide-covered altar of Uskayaw.
   389 | D:4      | Reached skill level 4 in Unarmed Combat
   389 | D:4      | Reached XP level 4. HP: 35/44 MP: 3/3
   431 | D:4      | Reached * piety under Okawaru
   431 | D:4      | Reached skill level 5 in Unarmed Combat
   435 | D:4      | Reached XP level 5. HP: 43/50 MP: 4/4
   443 | D:4      | Found a staircase to the Ecumenical Temple.
   464 | D:4      | Noticed an ogre
   465 | D:4      | Noticed Grinder
   477 | D:4      | Killed an ogre
   477 | D:4      | Reached skill level 6 in Unarmed Combat
   477 | D:4      | Reached XP level 6. HP: 59/59 MP: 2/5
   490 | D:4      | Killed Grinder
   490 | D:4      | Reached skill level 7 in Unarmed Combat
   518 | D:5      | Entered Level 5 of the Dungeon
   537 | D:6      | Found a hazy altar of Hepliaklqana.
   601 | D:7      | Noticed an orc warrior
   617 | D:7      | Killed an orc warrior
   617 | D:7      | Reached ** piety under Okawaru
   617 | D:7      | Reached skill level 8 in Unarmed Combat
   617 | D:7      | Reached XP level 7. HP: 66/66 MP: 3/6
   850 | D:8      | Reached skill level 9 in Unarmed Combat
   878 | D:8      | Reached XP level 8. HP: 28/74 MP: 7/7
   904 | D:8      | HP: 2/74 [orc warrior/stone (11)]
   908 | D:8      | Gained mutation: Armour fits poorly on your strangely shaped body. [potion of mutation]
   908 | D:8      | Gained mutation: Your muscles are strong. (Str +2) [potion of mutation]
   908 | D:8      | Gained mutation: You tend to lose your temper in combat. [potion of mutation]
   910 | D:8      | Lost mutation: Your muscles are strong. (Str +2) [potion of cure mutation]
   910 | D:8      | Lost mutation: Armour fits poorly on your strangely shaped body. [potion of cure mutation]
   910 | D:8      | Lost mutation: You tend to lose your temper in combat. [potion of cure mutation]
   993 | D:7      | Reached skill level 1 in Invocations
  1002 | D:7      | Reached skill level 2 in Invocations
  1030 | D:8      | Reached skill level 10 in Unarmed Combat
  1079 | D:8      | Found a glowing golden altar of the Shining One.
  1108 | D:7      | Found a sacrificial altar of Ru.
  1152 | D:8      | Found a staircase to the Lair.
  1212 | D:9      | Reached skill level 11 in Unarmed Combat
  1251 | D:10     | Entered Level 10 of the Dungeon
  1260 | D:9      | Found a glowing silver altar of Zin.
  1282 | D:9      | Reached *** piety under Okawaru
  1289 | D:9      | Reached XP level 9. HP: 60/80 MP: 6/9
  1299 | D:9      | Got a smoking robe
  1381 | D:11     | Identified the +1 robe of Impermeability {Dex+3} (You found it on level 9 of the Dungeon)
  1421 | D:12     | Reached skill level 12 in Unarmed Combat
  1463 | D:12     | Reached skill level 3 in Fighting
  1519 | D:12     | Noticed Harold
  1519 | D:12     | Noticed a green ugly thing
  1529 | D:12     | Reached **** piety under Okawaru
  1529 | D:12     | Reached skill level 4 in Fighting
  1535 | D:12     | Killed a green ugly thing
  1535 | D:12     | Received a gift from Okawaru
  1535 | D:12     | Reached skill level 5 in Fighting
  1546 | D:12     | Killed Harold
  1546 | D:12     | Reached skill level 6 in Fighting
  1546 | D:12     | Reached XP level 10. HP: 76/100 MP: 7/10
  1618 | D:13     | Noticed a molten gargoyle
  1620 | D:13     | Reached skill level 7 in Fighting
  1631 | D:13     | Killed a molten gargoyle
  1820 | D:13     | Noticed a rust devil
  1821 | D:13     | Reached skill level 8 in Fighting
  1834 | D:13     | Noticed a skeletal warrior
  1842 | D:13     | Noticed a death knight
  1845 | D:13     | Killed a skeletal warrior
  1881 | D:13     | Noticed a gargoyle
  1891 | D:13     | Killed a gargoyle
  1891 | D:13     | Reached skill level 9 in Fighting
  1912 | D:14     | Noticed a cyclops
  1921 | D:13     | Noticed a manticore
  1933 | D:13     | Killed a manticore
  1933 | D:13     | Reached ***** piety under Okawaru
  2076 | D:14     | Noticed a tengu warrior
  2077 | D:14     | Noticed a cyclops
  2093 | D:14     | Killed a tengu warrior
  2093 | D:14     | Reached skill level 10 in Fighting
  2093 | D:14     | Reached XP level 11. HP: 99/117 MP: 5/11
  2094 | D:14     | Noticed a tengu warrior
  2112 | D:14     | Killed a tengu warrior
  2149 | D:14     | Noticed a griffon
  2158 | D:14     | Noticed a hill giant
  2160 | D:14     | Killed a griffon
  2183 | D:14     | Reached skill level 11 in Fighting
  2188 | D:14     | Killed a hill giant
  2254 | D:14     | Noticed a catoblepas
  2268 | D:14     | Killed a catoblepas
  2268 | D:14     | Received a gift from Okawaru
  2354 | D:14     | Found a flagged portal.
  2363 | Bailey   | Entered a bailey
  2533 | Bailey   | Noticed an orc knight
  2549 | Bailey   | Killed an orc knight
  2644 | D:15     | Entered Level 15 of the Dungeon
  2676 | D:15     | Found a staircase to the Depths.
  2676 | D:15     | Noticed a skeletal warrior
  2676 | D:15     | Noticed a phantasmal warrior
  2678 | D:15     | Noticed a necromancer
  2689 | D:15     | Killed a phantasmal warrior
  2689 | D:15     | Reached skill level 12 in Fighting
  2717 | D:15     | Killed a necromancer
  2717 | D:15     | Reached skill level 3 in Invocations
  2729 | D:15     | Killed a skeletal warrior
  2729 | D:15     | Reached skill level 4 in Invocations
  2820 | D:15     | Reached skill level 5 in Invocations
  2833 | D:15     | Noticed an unseen horror
  2838 | D:15     | Killed an unseen horror
  2838 | D:15     | Reached XP level 12. HP: 20/132 MP: 3/15
  2846 | D:15     | Reached skill level 6 in Invocations
  2996 | D:15     | Received a gift from Okawaru
  3138 | D:11     | Reached skill level 7 in Invocations
  3240 | Lair:1   | Entered Level 1 of the Lair of Beasts
  3263 | Lair:2   | Found a radiant altar of Vehumet.
  3297 | Lair:1   | Noticed a six-headed hydra
  3307 | Lair:2   | Reached skill level 8 in Invocations
  3375 | Lair:2   | Reached skill level 3 in Shields
  3461 | Lair:2   | Noticed a death yak
  3461 | Lair:2   | Reached skill level 4 in Shields
  3464 | Lair:2   | Noticed a death yak
  3466 | Lair:2   | Noticed a six-headed hydra
  3467 | Lair:2   | Killed a death yak
  3470 | Lair:2   | Killed a six-headed hydra
  3470 | Lair:2   | Reached skill level 5 in Shields
  3471 | Lair:2   | Noticed a death yak
  3473 | Lair:2   | Noticed a death yak
  3475 | Lair:2   | Killed a death yak
  3481 | Lair:2   | Killed a death yak
  3481 | Lair:2   | Received a gift from Okawaru
  3486 | Lair:2   | Killed a death yak
  3486 | Lair:2   | Reached skill level 6 in Shields
  3539 | Lair:2   | :spider entrance probably
  3546 | Lair:2   | Found a hole to the Spider Nest.
  3567 | Lair:2   | Found a dark tunnel.
  3575 | Volcano  | Entered a volcano
  3601 | Volcano  | Reached skill level 7 in Shields
  3711 | Lair:2   | Noticed a five-headed hydra
  3755 | Lair:3   | Reached XP level 13. HP: 102/140 MP: 15/18
  3767 | Lair:3   | Found a frozen archway.
  3781 | IceCv    | Entered an ice cave
  3791 | IceCv    | Reached skill level 8 in Shields
  3866 | Lair:3   | Found a labyrinth entrance.
  3870 | Lair:3   | hmm
  3870 | Lair:3   | :not worth ;_;
  3948 | Lair:4   | Found a shadowy altar of Dithmenos.
  3964 | Lair:4   | Reached skill level 3 in Dodging
  4080 | Lair:6   | Entered Level 6 of the Lair of Beasts
  4130 | Lair:6   | Reached skill level 4 in Dodging
  4341 | Lair:6   | Reached skill level 5 in Dodging
  4437 | Lair:6   | Reached skill level 6 in Dodging
  4526 | Lair:6   | Reached skill level 7 in Dodging
  4560 | Lair:6   | Received a gift from Okawaru
  4561 | Lair:6   | Got an encrusted cloak {god gift}
  4577 | Lair:6   | Reached skill level 8 in Dodging
  4602 | Lair:6   | Identified the +2 cloak of Prudence {MR+} (Okawaru gifted it to you on level 6 of the Lair of Beasts)
  4769 | Lair:6   | Reached skill level 9 in Dodging
  4994 | Lair:2   | Reached XP level 14. HP: 112/149 MP: 11/19
  5049 | Spider:1 | Entered Level 1 of the Spider Nest
  5134 | Spider:2 | Reached skill level 10 in Dodging
  5194 | Spider:2 | Identified Sif Muna's Disquisition on Sinister Fire
  5395 | Spider:3 | Noticed a ghost moth
  5523 | Spider:3 | Killed a ghost moth
  5565 | Spider:4 | Entered Level 4 of the Spider Nest
  5703 | Spider:4 | Reached skill level 11 in Dodging
  6004 | Spider:4 | Noticed an emperor scorpion
  6020 | Spider:4 | Killed an emperor scorpion
  6040 | Spider:4 | Reached skill level 12 in Dodging
  6216 | Spider:4 | Received a gift from Okawaru
  6278 | Spider:4 | Noticed an emperor scorpion
  6298 | Spider:4 | Killed an emperor scorpion
  6327 | Spider:4 | Noticed an emperor scorpion
  6343 | Spider:4 | Noticed an emperor scorpion
  6349 | Spider:4 | :roughly 2k turns ahead
  6349 | Spider:4 | :watch for the 2x emps near runevault when you resume
  6349 | Spider:4 | Upgraded the game from 0.19-a0-687-g35db334 to 0.19-a0-713-g934ebc7
  6487 | Spider:4 | Killed an emperor scorpion
  6539 | Spider:4 | Killed an emperor scorpion
  6539 | Spider:4 | Reached skill level 13 in Dodging
  6595 | Spider:4 | Reached XP level 15. HP: 156/156 MP: 18/20
  6611 | Spider:4 | Noticed a ghost moth
  6624 | Spider:4 | Killed a ghost moth
  6745 | Spider:4 | Got a gossamer rune of Zot
  6785 | Spider:4 | Reached skill level 13 in Unarmed Combat
  6930 | Lair:2   | Found a staircase to the Swamp.
  6936 | Swamp:1  | Entered Level 1 of the Swamp
  6942 | Swamp:1  | You fall through a shaft!
  6942 | Swamp:2  | Noticed a thorn hunter
  6959 | Swamp:2  | Killed a thorn hunter
  7111 | Swamp:3  | Noticed a thorn hunter
  7128 | Swamp:3  | Killed a thorn hunter
  7147 | Swamp:3  | Noticed a thorn hunter
  7163 | Swamp:3  | Killed a thorn hunter
  7163 | Swamp:3  | Reached skill level 14 in Unarmed Combat
  7261 | Swamp:4  | Entered Level 4 of the Swamp
  7662 | Swamp:4  | Identified a scroll of acquirement
  7769 | Swamp:4  | Received a gift from Okawaru
  7941 | Swamp:4  | Reached skill level 13 in Fighting
  7948 | Swamp:4  | Noticed a bone dragon
  7969 | Swamp:4  | Killed a bone dragon
  8012 | Swamp:4  | Got a decaying rune of Zot
  8363 | D:13     | Noticed Josephine
  8369 | D:13     | Killed Josephine
  8374 | D:13     | Reached XP level 16. HP: 87/166 MP: 14/21
  8408 | D:13     | Noticed Frances
  8488 | D:13     | Killed Frances
  8684 | D:13     | Reached skill level 14 in Fighting
  9342 | D:14     | Found a gate to the Vaults.
  9346 | Vaults:1 | Entered Level 1 of the Vaults
  9460 | Vaults:1 | Received a gift from Okawaru
  9557 | Vaults:1 | Noticed SmilinJack's ghost (adept DsBe)
  9578 | Vaults:1 | Reached skill level 15 in Fighting
  9629 | Vaults:1 | Killed SmilinJack's ghost
  9629 | Vaults:1 | Received a gift from Okawaru
  9748 | Vaults:1 | Reached skill level 1 in Throwing
  9777 | Vaults:3 | Reached skill level 2 in Throwing
  9860 | Vaults:3 | Reached skill level 3 in Throwing
 10016 | Vaults:3 | Noticed a sphinx
 10027 | Vaults:3 | Killed a sphinx
 10108 | Vaults:3 | Reached skill level 15 in Unarmed Combat
 10203 | Vaults:3 | Reached XP level 17. HP: 111/184 MP: 19/22
 10335 | Vaults:5 | Entered Level 5 of the Vaults
 10340 | Vaults:5 | Noticed a tentacled monstrosity
 10344 | Vaults:5 | Noticed a titan
 10350 | Vaults:5 | Killed from afar by a crystal guardian

Vault maps used:
D:1:      minmay_arrival_nine_rooms, okawaru_ov_weapons_minmay
D:2:      old_standard_altar, tgw_fedhas, nicolae_overflow_hidden_temple,
          first_bread, minivault_11
D:3:      overflow_temple_1_default, minmay_close_crescents
D:4:      ashenzari_altar_1, minmay_temple_entry_glass,
          hangedman_abyss_or_decor_jellyfish_corner, uniq_grinder,
          uniq_blork_the_orc, uniq_pikel
D:5:      lemuel_tele_altar
D:6:      lemuel_doored_altar, nicolae_overflow_crystal_walls
D:7:      basic_altar
D:8:      tso_oasis_becter, due_lair_maze_entry_diamond, st_stairs_8
D:9:      lemuel_crystal_altar, basic_altar, david_nohive_1,
          serial_bayou_pond_a, grunt_ministairs_6, kennysheep_cluttered_room,
          minivault_14, trog_three_pillars_becter, uniq_grum
D:12:     orc_0_dummy, uniq_harold
D:13:     cheibrodos_magma_flow, kennysheep_generic_room_16, uniq_josephine,
          uniq_frances
D:14:     david_vaults_5, minmay_strange_pillars, enter_bailey_1
D:15:     gammafunk_depths_entry_grave, hangedman_decor_points
Lair:1:   hibernation_bobbens, serial_bayou_shore_a
Lair:2:   minmay_swamp_entry_worms, spider_nest_entry_webs, basic_altar,
          enter_volcano_1
Lair:3:   portal_ice_cave_demonic_guard, lab_entry_generic, patterned_corridor
Lair:4:   basic_altar, lemuel_fruit_fields
Lair:5:   minmay_slime_entry_eyes, st_stairs_3, beast_lair_carwin_3,
          infiniplex_staircase_pool, lemuel_fruit_tree, uniq_rupert
Lair:6:   grunt_lair_end_beastmaster
Swamp:1:  hangedman_swamp_cone, swamp_pool5, hangedman_swamp_diagram
Swamp:2:  hangedman_swamp_lotus, lightli_tree_ring
Swamp:3:  serial_swamp_ruin, evilmike_swamp_ruin_house_1,
          evilmike_swamp_ruin_house_3
Swamp:4:  swamp_pestilence, uniq_bai_suzhen
Spider:1: spider_trap, nicolae_spider_webbed_stairs
Spider:4: grunt_spider_rune_circles, einodemon_crawler_minivault
Vaults:1: ontoclasm_vaults_shuriken, ontoclasm_vaults_gateway,
          hangedman_vaults_trim, hangedman_vaults_hat,
          nicolae_vaults_holding_cells, hangedman_vaults_nails,
          vaults_dpeg_hooks, vaults_dpeg_diagonal, v_misc_10, serial_shops,
          shop_fountains, shop
Vaults:2: nicolae_vaults_circle_grid_a, vaults_room_hangedman_quadrants,
          hangedman_vaults_unwind, hangedman_vaults_corner_blocks,
          ontoclasm_vaults_ring_small, v_misc_16,
          nicolae_vaults_stairing_the_circle, minmay_crypt_entry_simple_walls,
          nicolae_vaults_network_periphery, nicolae_vaults_rhombus_5, v_misc_11,
          nicolae_vaults_border_crossing, nicolae_trove_entry_free_sample
Vaults:3: grunt_vaults_hallway_long, v_misc_22, v_misc_30,
          vaults_standard_mumra_enter_the_diamond, nicolae_vaults_shelves_hall,
          grunt_vaults_swirl, v_pattern_3, grunt_vaults_funnel,
          vaults_mumra_hex, ontoclasm_vaults_ring_large, vaults_dpeg_ring,
          serial_shops, nicolae_shop_behind_doors
Vaults:4: ontoclasm_vaults_ring_square, ontoclasm_vaults_twist,
          nicolae_vaults_little_ls, ontoclasm_vaults_fault,
          vaults_dpeg_encased_lava, v_misc_12, dpeg_vaults_monster_row,
          v_misc_26, nicolae_vaults_little_squares_4, v_misc_5,
          nicolae_vaults_asterisk, hangedman_vaults_restitches
Vaults:5: serial_shops, uniq_saint_roka
Bailey:   bailey_axe_2, bailey
IceCv:    ice_cave_small_giant
Volcano:  volcano_pools

Skill      XL: |  1  2  3  4  5  6  7  8  9 10 11 12 13 14 15 16 |
---------------+-------------------------------------------------+-----
Unarmed Combat | 3 4 5 6 8 9 11 12 14 15 | 15.0
Invocations    | 2 5 8 |  8.0
Fighting       | 6 10 12 13 15 | 15.8
Shields        | 7 8 |  8.0
Dodging        | 9 13 | 13.0
Throwing       | 3 |  3.1

Action                   |  1- 3 |  4- 6 |  7- 9 | 10-12 | 13-15 | 16-18 || total
-------------------------+-------+-------+-------+-------+-------+-------++-------
Melee: Unarmed           |    57 |    40 |   175 |   467 |  1172 |   519 ||  2430
Throw: Javelin           |       |       |       |    13 |    50 |       ||    63
       Large rock        |       |       |       |     3 |    36 |    16 ||    55
       Tomahawk          |       |       |       |       |     5 |       ||     5
Invok: Heroism           |       |     3 |    20 |    36 |    54 |    17 ||   130
       Finesse           |       |       |       |     7 |    21 |     6 ||    34
Evoke: Wand              |       |       |       |       |     3 |     3 ||     6
  Use: Scroll            |       |     1 |     4 |     8 |    18 |     3 ||    34
       Potion            |       |       |     7 |     6 |     9 |     1 ||    23
 Stab: Sleeping          |       |       |       |     1 |     2 |     3 ||     6
       Petrifying        |       |       |       |       |     1 |       ||     1
       Confused          |       |       |       |       |     2 |       ||     2
       Distracted        |       |       |       |       |     1 |       ||     1
       Fleeing           |       |       |       |       |       |     1 ||     1
  Eat: Chunk             |     9 |     1 |     9 |    16 |    36 |    17 ||    88
       Meat ration       |       |       |       |       |     2 |       ||     2
Armor: Robe              |    15 |     9 |    32 |    59 |       |       ||   115
       Troll leather arm |       |       |       |    40 |   257 |    69 ||   366
Dodge: Dodged            |    17 |    10 |    69 |   155 |   654 |   232 ||  1137
Block: Shield            |    27 |    10 |    82 |   211 |   655 |   257 ||  1242

Table legend:
 A = Turns spent in this place as a percentage of turns spent in the entire game.
 B = Non-inter-level travel turns spent in this place as a percentage of non-inter-level travel turns spent in the entire game.
 C = Inter-level travel turns spent in this place as a percentage of turns spent in this place.
 D = Turns resting spent in this place as a percentage of non-inter-level travel turns spent in this place.
 E = Turns spent auto-exploring this place as a percentage of non-inter-level travel turns spent in this place.
 F = Non-inter-level travel turns spent in this place divided by the number of levels of this place that you've seen.
                   A       B       C       D       E      F
               +-------+-------+-------+-------+-------+----------------------
         Total | 100.0 | 100.0 |   0.0 |   0.6 |   0.0 | 262.1
       Dungeon |  39.8 |  39.8 |   0.0 |   0.6 |   0.0 | 257.5
          Lair |  18.3 |  18.3 |   0.0 |   0.2 |   0.0 | 295.5
         Swamp |  11.2 |  11.2 |   0.0 |   1.0 |   0.0 | 272.0
   Spider Nest |  16.3 |  16.3 |   0.0 |   1.3 |   0.0 | 396.0
        Vaults |  10.7 |  10.7 |   0.0 |   0.2 |   0.0 | 207.0
        Bailey |   2.2 |   2.2 |   0.0 |   0.0 |   0.0 | 214.0
      Ice Cave |   0.4 |   0.4 |   0.0 |   0.0 |   0.0 |  36.0
       Volcano |   1.1 |   1.1 |   0.0 |   0.0 |   0.0 | 104.0
               +-------+-------+-------+-------+-------+----------------------

Table legend:
 A = Kills in this place as a percentage of kills in entire the game.
 B = Kills by you in this place as a percentage of kills by you in the entire game.
 C = Kills by friends in this place as a percentage of kills by friends in the entire game.
 D = Other kills in this place as a percentage of other kills in the entire game.
 E = Experience gained in this place as a percentage of experience gained in the entire game.
 F = Experience gained in this place divided by the number of levels of this place that you have seen.
                   A       B       C       D       E      F
               +-------+-------+-------+-------+-------+----------------------
         Total | 100.0 | 100.0 |  -nan | 100.0 | 100.0 | 6016.3
       Dungeon |  32.5 |  32.5 |  -nan |   0.0 |  18.3 | 2711.6
          Lair |  18.0 |  18.1 |  -nan |   0.0 |  17.4 | 6464.2
         Swamp |  13.0 |  13.0 |  -nan |   0.0 |  16.2 | 9021.2
   Spider Nest |  15.9 |  15.8 |  -nan | 100.0 |  21.6 | 12046.0
        Vaults |  14.5 |  14.5 |  -nan |   0.0 |  24.9 | 11069.0
        Bailey |   5.1 |   5.1 |  -nan |   0.0 |   0.4 | 827.0
      Ice Cave |   0.6 |   0.6 |  -nan |   0.0 |   0.3 | 719.0
       Volcano |   0.4 |   0.4 |  -nan |   0.0 |   0.9 | 1983.0
               +-------+-------+-------+-------+-------+----------------------
